 Dungeon Crawl Stone Soup version 0.29.0-7-g18a832c13a (webtiles) character file.

Game seed: 4095985671654210059

47 voltaire321 the Ducker (level 3, -5/28 HPs)
             Began as a Merfolk Gladiator on Aug 30, 2022.
             Slain by Terence
             ... wielding a +0 flail
              (11 damage)
             ... on level 2 of the Dungeon.
             The game lasted 00:03:09 (1036 turns).

voltaire321 the Ducker (Merfolk Gladiator)          Turns: 1036, Time: 00:03:10

Health: -5/28      AC:  6    Str: 14    XL:     3   Next: 70%
Magic:  3/3        EV: 14    Int:  7    God:
Gold:   87         SH:  0    Dex: 17    Spells: 2/2 levels left

rFire   . . .      SeeInvis .   a - +0 trident
rCold   . . .      Faith    .   (no shield)
rNeg    . . .      Spirit   .   b - +0 leather armour
rPois   .          Reflect  .   l - +1 helmet
rElec   .          Harm     .   m - +0 cloak
rCorr   .          Rampage  .   (no gloves)
Will    .....                   (no boots)
Stlth   +.........              (no amulet)
HPRegen 0.09/turn               (no ring)
MPRegen 0.08/turn               (no ring)

@: no status effects
A: (nimble swimmer 2), mertail
a: no special abilities


You were on level 2 of the Dungeon.
You visited 1 branch of the dungeon, and saw 2 of its levels.

You collected 87 gold pieces.

Inventory:

Hand Weapons
 a - a +0 trident (weapon)
Missiles
 d - 3 throwing nets (quivered)
Armour
 b - a +0 leather armour (worn)
 l - a +1 helmet (worn)
 m - a +0 cloak (worn)
Jewellery
 h - a ring of ice
Scrolls
 c - a scroll of enchant weapon {unknown}
 f - 3 scrolls of identify {unknown}
 g - a scroll of immolation {unknown}
 j - a scroll of vulnerability {unknown}
 k - a scroll of teleportation {unknown}
Potions
 i - a potion of might {unknown}


   Skills:
 + Level 2.8 Fighting
 + Level 4.6 Polearms
 + Level 2.6 Throwing
 + Level 4.6 Dodging


You had 2 spell levels left.
You didn't know any spells.
Your spell library contained the following spells:

 Spells                   Type           Power      Damage    Failure   Level
 Portal Projectile        Hex/Tloc       0%         N/A       87%         3
 Tukima's Dance           Hex            0%         N/A       87%         3
 Blade Hands              Tmut           0%         N/A       100%        5


Dungeon Overview and Level Annotations

Branches:
Dungeon (2/15)

Altars:

Annotations:
D:2 Terence


Innate Abilities, Weirdness & Mutations

((You are very nimble when in or above water. (Stealth+, EV+, Speed+++)))
Your lower body shifts to a powerful aquatic tail in water.


Message History

You kill the rat!
Terence the Incautious comes into view.
He is wielding a +0 flail.
Found an escape hatch in the floor.
Terence shouts!
Terence shouts, "DIE!!!"
Found a stone staircase leading down.
Throw: javelin
Press: ? - help, Q - select action, (/) - cycle Shift-Dir - straight line, f - Terence
Aim: Terence, wielding a +0 flail and wearing a +0 scale mail (65% to hit)
You throw a javelin. The javelin pierces through Terence.
Terence is moderately wounded.
You hit Terence but do no damage.
Terence is moderately wounded.
Terence closely misses you.
You hit Terence but do no damage.
Terence is moderately wounded.
Terence hits you with a +0 flail.
You closely miss Terence.
Terence is moderately wounded.
Terence misses you.
You completely miss Terence.
Terence is moderately wounded.
Terence hits you with a +0 flail.
You hit Terence but do no damage.
Terence is moderately wounded.
Terence barely misses you.
You hit Terence but do no damage.
Terence is moderately wounded.
Terence hits you with a +0 flail. Terence misses you.
You hit Terence.
Terence is severely wounded.
Terence hits you with a +0 flail!
You closely miss Terence.
Terence is severely wounded.
Terence hits you with a +0 flail.
* * * LOW HITPOINT WARNING * * *
You hit Terence.
Terence is almost dead.
Terence hits you with a +0 flail!
You die...

#.# #.#
#.#.....~≈≈~.. #.#
#.# #.##...#~≈≈~~#
#.# #.# #.###.##~~≈≈~
#.# #.# #.### #.# #.#
#... #.#
#.###<.######~ #.#
#........>..~~ #.#
#..# ~ #.#
######.@#####~≈≈~ #.#
#......@....~~≈≈~ #.#
#.####..####~≈≈~~
#.###.####..# ~≈≈~>
#........#..###~≈≈~~.
#####.##...(...~≈≈~..
#.####(###.~~~~## #.#
#.# ..@..# #.# #..
.......


You could see Terence.

Vanquished Creatures
  An adder (D:2)
  A worm (D:2)
  7 ball pythons
  3 bats
  2 endoplasms
  2 giant cockroaches (D:2)
  5 hobgoblins
  2 kobolds (D:1)
  A quokka (D:2)
  2 frilled lizards (D:1)
  2 goblins (D:1)
  4 rats
32 creatures vanquished.

Notes
Turn   | Place    | Note
-------+----------+-------------------------------------------
     0 | D:1      | voltaire321 the Merfolk Gladiator began the quest for the
                  | Orb.
     0 | D:1      | Reached XP level 1. HP: 16/16 MP: 1/1
   168 | D:1      | Reached XP level 2. HP: 20/23 MP: 2/2
   769 | D:2      | Reached XP level 3. HP: 28/28 MP: 3/3
  1015 | D:2      | Noticed Terence
  1036 | D:2      | Slain by Terence

Illustrated notes

Levels and vault maps discovered:
D:1:      eino_arrival_cavern_e, layout_basic
D:2:      wander_river, layout_loops_ring, dk_noncrumbling_2, uniq_terence

Action                   || total
-------------------------++-------
Melee: Trident           ||   102
Throw: Javelin           ||     1
 Stab: Sleeping          ||     1
Armor: Leather armour    ||    25
Dodge: Dodged            ||    55
